 Dungeon Crawl Stone Soup version 0.32-a0-132-g2d33c3cfaf (webtiles) character file.

Game seed: 10934450326455856390

66 SmokeWeed the Trooper (level 4, 0/55 HPs)
             Began as a Djinni Gladiator on Feb 10, 2024.
             Slain by a ribbon worm (4 damage)
             ... on level 3 of the Dungeon.
             The game lasted 00:05:16 (2124 turns).

SmokeWeed the Trooper (Djinni Gladiator)            Turns: 2124, Time: 00:05:16

Health: 0/55       AC: 22    Str: 13    XL:     4   Next: 37%
Gold:   135        EV:  2    Int: 12    God:
                   SH:  4    Dex: 14

rFire   . . .        a - +1 long sword
rCold   . . .        l - +0 buckler
rNeg    . . .        j - melded +0 scale mail
rPois   ∞            c - melded +0 helmet
rElec   .            (cloak currently unavailable)
rCorr   .            (gloves currently unavailable)
SInv    .            (boots unavailable)
Will    .....        (no amulet)
Stlth   +            (no ring)
HPRegen 0.29/turn    (no ring)
MPRegen 0.00/turn

%: infuse magic (-1 HP)
@: tree-form
A: stationary, stasis, torment immunity, boosted hp, sickness immunity, (fire
resistance 2), (cold vulnerability 1), float, innate caster, HP casting, extra
vitality 1
a: no special abilities


You were on level 3 of the Dungeon.
You were a tree.
You visited 1 branch of the dungeon, and saw 3 of its levels.

You collected 135 gold pieces.

Inventory:

Hand Weapons
 a - a +1 long sword (weapon)
Missiles
 d - 3 throwing nets
 e - a javelin
Armour
 b - a +0 leather armour
 c - a +0 helmet (melded)
 h - a +0 robe
 j - a +0 scale mail (melded)
 l - a +0 buckler (worn)
Jewellery
 n - a ring of positive energy
Scrolls
 g - a scroll of amnesia
 i - 2 scrolls of vulnerability
Potions
 f - a potion of brilliance
 m - a potion of invisibility {unknown}


   Skills:
 + Level 3.9 Fighting
 - Level 2.7 Long Blades
 - Level 1.5 Throwing
 - Level 3.3 Dodging
 * Level 0.5 Spellcasting
 * Level 0.5 Conjurations
 * Level 0.5 Hexes
 * Level 0.5 Summonings
 * Level 0.5 Necromancy
 * Level 0.5 Translocations
 * Level 0.5 Fire Magic
 * Level 0.5 Ice Magic
 * Level 0.5 Air Magic
 * Level 0.5 Earth Magic
 * Level 0.5 Alchemy


You knew the following spells:

 Your Spells              Type           Power      Damage    Failure   Level
a - Sting                 Conj/Alch      4%         1d3       34%         1
Your spell library was empty.

Dungeon Overview and Level Annotations

Branches:
Dungeon (3/15)

Altars:
The Shining One

Portals:
Sewer: D:3


Innate Abilities, Weirdness & Mutations

You are a tree.
Your roots penetrate the ground, keeping you stationary.
You cannot be teleported.
You are immune to unholy pain and torment.
Your maximum health is greatly increased.
Your equipment is partially melded.
You are immune to sickness and miasma.
You are immune to poison.
((Your flesh is very heat resistant. (rF++)))
((You are vulnerable to cold. (rC-)))
You float through the air rather than walking.
You learn spells naturally, not from books.
Your magical power is your life essence.
You have superior vitality. (+4 MHP)


Message History

You struggle to detach yourself from the web.
Unknown command.
The web tears apart.
The hobgoblin barely misses you. You block the ribbon worm's attack.
The ribbon worm bites you but does no damage.
The ribbon worm attacks as it pursues you!
The ribbon worm barely misses you.
It was a potion of lignification.
You turn into a tree.
Your +0 helmet melds into your body.
Your +0 scale mail melds into your body.
Your roots penetrate the ground.
You hit the ribbon worm.
The ribbon worm is moderately wounded.
The ribbon worm expels a string of sticky webbing.
The stream of webbing hits you but does no damage.
You are caught in a web!
The web tears apart.
The ribbon worm bites you but does no damage. x2
You slash the ribbon worm!
The ribbon worm is severely wounded.
The hobgoblin hits you but does no damage.
You block the hobgoblin's attack.
The ribbon worm bites you but does no damage.
You block the ribbon worm's attack.
You barely miss the ribbon worm.
The ribbon worm is heavily wounded.
The hobgoblin hits you but does no damage.
The ribbon worm bites you but does no damage. x2
You are too injured to fight recklessly!
You slash the ribbon worm!
You kill the ribbon worm!
The hobgoblin hits you from afar with a +0 spear.
* * * LOW HITPOINT WARNING * * *
The ribbon worm expels a string of sticky webbing.
The stream of webbing hits you but does no damage.
You are caught in a web!
The web tears apart.
The hobgoblin hits you but does no damage.
The ribbon worm bites you.
You die...

...# ..### ....# ###.
....########..
.>.........#.#
....#......#.##
..............# #
......†.......####.##
............#.g†♣...#
......#.#.†...#w....#
###.#.....##........#
#.#.....#####....)..#
#.#.<...#####!....###
###.#.....†ww.......#
.##.......#.#.#.....#
..##........#...~~#.#
...#...........~~~#.#


You could see a ribbon worm and a hobgoblin.

Vanquished Creatures
  2 dart slugs (D:1)
  A ribbon worm (D:3)
  8 ball pythons
  4 bats
  8 endoplasms
  5 giant cockroaches
  2 goblins
  5 hobgoblins
  4 quokkas
  2 frilled lizards (D:1)
  3 kobolds
  7 rats
51 creatures vanquished.

Notes
Turn   | Place    | Note
-------+----------+-------------------------------------------
     0 | D:1      | SmokeWeed the Djinni Gladiator began the quest for the Orb.
     0 | D:1      | Reached XP level 1. HP: 18/18 MP: 0/0
   109 | D:1      | Reached XP level 2. HP: 24/24 MP: 0/0
   264 | D:1      | Reached XP level 3. HP: 30/30 MP: 0/0
   264 | D:1      | Learned a level 1 spell: Sting
  1079 | D:2      | Found a faded altar of an unknown god.
  1575 | D:2      | Reached XP level 4. HP: 35/37 MP: 0/0
  2014 | D:3      | Found a glowing golden altar of the Shining One.
  2087 | D:3      | Found a glowing drain.
  2110 | D:3      | HP: 1/37 [hobgoblin/+0 spear (8)]
  2124 | D:3      | Slain by a ribbon worm

Illustrated notes

Levels and vault maps discovered:
D:1:      dpeg_arrival_simpleton_c, layout_basic
D:2:      layout_loops_ring, dreamdust_ecumenical_altar_hidden_monk_grotto,
          columned_hall_lemuel, minmay_misc_feat_tiny
D:3:      layout_rooms, nicolae_ru_great_annihilating_truth, old_standard_altar,
          portal_sewer_entry_b

Skill      XL: |  1  2 |
---------------+-------+-----
Fighting       | 3 |  3.9
Long Blades    | |  2.7
Throwing       | |  1.5
Dodging        | |  3.3
Spellcasting   | |  0.5
Conjurations   | |  0.5
Hexes          | |  0.5
Summonings     | |  0.5
Necromancy     | |  0.5
Translocations | |  0.5
Fire Magic     | |  0.5
Ice Magic      | |  0.5
Air Magic      | |  0.5
Earth Magic    | |  0.5
Alchemy        | |  0.5

Action                     |  1- 3 |  4- 6 || total
---------------------------+-------+-------++-------
  Melee: Long sword        |   100 |    27 ||   127
         Punch             |     2 |       ||     2
   Cast: Sting             |     2 |       ||     2
    Use: Scroll            |     4 |     3 ||     7
         Potion            |       |     1 ||     1
 Armour: Leather armour    |    44 |       ||    44
         Scale mail        |    19 |    28 ||    47
         Skin              |       |    10 ||    10
  Dodge: Dodged            |    81 |    20 ||   101
  Block: Buckler           |     1 |    10 ||    11

Table legend: (Time is in decaauts)
 A = Elapsed time spent in this place.
 B = Non-inter-level travel time spent in this place.
 C = Inter-level travel time spent in this place.
 D = Time resting spent in this place.
 E = Time spent auto-exploring this place.
 F = Levels seen in this place.
 G = Mean time per level.
                   A        B        C        D        E       F      G
               +--------+--------+--------+--------+--------+-----+--------+
         Total |   2159 |   2116 |     43 |    100 |   1556 |   3 |  719.7 |
       Dungeon |   2159 |   2116 |     43 |    100 |   1556 |   3 |  719.7 |
               +--------+--------+--------+--------+--------+-----+--------+

Top non-repeatable levels by time:
     D:1: 1031 daAuts
     D:2: 1002 daAuts
     D:3: 124 daAuts
